 Dungeon Crawl Stone Soup version 0.28.0-47-ge53b351184 (webtiles) character file.

Game seed: 6883335227832180295

201 HatHat the Slasher (level 5, -2/47 HPs)
             Began as a Minotaur Berserker on Apr 29, 2022.
             Was a Follower of Kikubaaqudgha.
             Slain by a black bear (5 damage)
             ... created by the rage of Trog
             ... on level 3 of the Dungeon.
             The game lasted 00:13:33 (1587 turns).

HatHat the Slasher (Minotaur Berserker)             Turns: 1587, Time: 00:13:33

Health: -2/47      AC:  3    Str: 23    XL:     5   Next: 50%
Magic:  4/4        EV: 12    Int:  4    God:    Kikubaaqudgha [*.....]
Gold:   67         SH:  0    Dex: 10    Spells: 4/4 levels left

rFire   . . .      SeeInvis .   a - +0 falchion
rCold   . . .      Faith    .   (no shield)
rNeg    . . .      Spirit   .   c - +0 leather armour
rPois   .          Reflect  .   (helmet restricted)
rElec   .          Harm     .   (no cloak)
rCorr   .          Rampage  .   (no gloves)
Will    .....                   (no boots)
Stlth   +.........              (no amulet)
HPRegen 0.15/turn               h - ring of flight
MPRegen 0.09/turn               (no ring)

@: flying
A: horns 2, retaliatory headbutt
a: Renounce Religion, Receive Corpses


You were on level 3 of the Dungeon.
You worshipped Kikubaaqudgha.
Kikubaaqudgha was aware of your devotion.
You visited 1 branch of the dungeon, and saw 3 of its levels.

You collected 67 gold pieces.

Inventory:

Hand Weapons
 a - a +0 falchion (weapon)
 e - a +0 flail
Missiles
 f - 3 silver boomerangs (quivered)
Armour
 b - a +0 animal skin
 c - a +0 leather armour (worn)
Jewellery
 h - a ring of flight (left hand)
Scrolls
 d - a scroll of identify
Potions
 g - a potion of might
 i - a potion of brilliance


   Skills:
 + Level 4.8 Fighting
 + Level 5.6 Long Blades
 + Level 3.6 Armour
 + Level 3.0 Dodging
 + Level 0.4 Stealth


You had 4 spell levels left.
You didn't know any spells.
Your spell library contained the following spells:

 Spells                   Type           Power      Damage    Failure   Level
 Animate Skeleton         Necr           0%         N/A       54%         1
 Pain                     Necr           0%         1d4       54%         1
 Corpse Rot               Necr/Air       0%         N/A       69%         2
 Static Discharge         Conj/Air       0%         N/A       69%         2
 Agony                    Necr           0%         N/A       100%        5
 Lightning Bolt           Conj/Air       0%         1d11      100%        5
 Maxwell's Capacitive Co  Air            0%         ∞         100%        8


Dungeon Overview and Level Annotations

Branches:
Dungeon (3/15)

Altars:
Kikubaaqudgha
Nemelex Xobeh
Okawaru


Innate Abilities, Weirdness & Mutations

You have a pair of horns on your head.
You reflexively headbutt those who attack you in melee.


Message History

Kikubaaqudgha accepts your kill.
Found a scroll labelled ORO ESUJEFO.
The orc misses you.
Things that are here:
a +0 dagger; a +0 club; a +0 club You closely miss the orc.
The orc hits you with a +0 dagger.
You slash the orc!
You kill the orc!
Kikubaaqudgha accepts your kill.
You slash the orc!
You kill the orc!
Kikubaaqudgha accepts your kill.
You closely miss the goblin. You headbutt the goblin.
You kill the goblin!
Kikubaaqudgha accepts your kill.
Found 4 gold pieces.
Items here: ))) [ †††.
Found a trident.
Trog sends monsters to punish you.
A polar bear and 5 black bears come into view.
You closely miss the black bear. You completely miss the black bear.
The black bear misses you. You furiously retaliate!
You headbutt the black bear. The black bear claws you. x2
The black bear bites you. The black bear barely misses you.
The black bear claws you. The black bear bites you.
The black bear claws you. x2
* * * LOW HITPOINT WARNING * * *
The black bear bites you but does no damage.
The black bear claws you but does no damage.
The black bear claws you.
* * * LOW HITPOINT WARNING * * *
The black bear bites you but does no damage.
The black bear claws you but does no damage.
The black bear claws you.
* * * LOW HITPOINT WARNING * * *
You slash the black bear!
The black bear is lightly wounded.
The black bear bites you.
* * * LOW HITPOINT WARNING * * *
The black bear claws you.
You die...
Kikubaaqudgha rasps: "You have failed me!
Welcome... death!"

#.# ..# )#.8## ..#
....# ..# ...# .##
8.# .## #.#
..############.#####
......).).))...hh..#
..<..#######...h@h$#
.....# #....hh.#
.....# #.......#
.....# #.......#
.##### #.....?.# )#
#.......# .#
#.......# .#
#.......#
.###############


You could see a polar bear (berserk) and 5 black bears.

Vanquished Creatures
  A water moccasin (D:3)
  Robin (D:3)
  2 adders
  A worm (D:2)
  A dart slug (D:2)
  2 orcs (D:3)
  4 endoplasms
  7 giant cockroaches
  4 hobgoblins
  3 quokkas
  2 ball pythons (D:2)
  7 bats
  A frilled lizard (D:2)
  12 goblins
  8 kobolds
  4 rats (D:2)
60 creatures vanquished.

Vanquished Creatures (others)
  4 plants (D:1)
  5 withered plants (D:1)
9 creatures vanquished.

Grand Total: 69 creatures vanquished

Notes
Turn   | Place    | Note
-------+----------+-------------------------------------------
     0 | D:1      | HatHat the Minotaur Berserker began the quest for the Orb.
     0 | D:1      | Reached XP level 1. HP: 19/19 MP: 0/0
    76 | D:1      | You fall into a shaft and drop 1 floor!
   130 | D:2      | Reached XP level 2. HP: 11/27 MP: 1/1
   264 | D:2      | Reached skill level 4 in Long Blades
   471 | D:2      | Reached XP level 3. HP: 12/33 MP: 2/2
   712 | D:1      | Reached ** piety under Trog
   815 | D:1      | Found a faded altar of an unknown god.
   840 | D:1      | Fell from the grace of Trog
   843 | D:1      | Prayed at the altar of an unknown god.
   843 | D:1      | Became a worshipper of Kikubaaqudgha
   843 | D:1      | Reached * piety under Kikubaaqudgha
   843 | D:1      | Received a gift from Kikubaaqudgha
  1176 | D:3      | Found a sparkling altar of Nemelex Xobeh.
  1223 | D:3      | Found an iron altar of Okawaru.
  1256 | D:3      | Found an ancient bone altar of Kikubaaqudgha.
  1327 | D:3      | Reached XP level 4. HP: 40/41 MP: 3/3
  1342 | D:3      | Noticed a water moccasin
  1352 | D:3      | Killed a water moccasin
  1353 | D:3      | Reached skill level 5 in Long Blades
  1353 | D:3      | Reached XP level 5. HP: 10/47 MP: 4/4
  1554 | D:3      | Noticed Robin
  1564 | D:3      | Killed Robin
  1585 | D:3      | Noticed a black bear
  1585 | D:3      | Noticed a black bear
  1585 | D:3      | Noticed a black bear
  1585 | D:3      | Noticed a polar bear
  1585 | D:3      | Noticed a black bear
  1585 | D:3      | Noticed a black bear
  1587 | D:3      | Slain by a black bear

Illustrated notes

Levels and vault maps discovered:
D:1:      saegor_arrival_simple_e, layout_rooms,
          shapermc_ecumenical_altar_flowoftime
D:2:      layout_loops_cross, st_stairs_5, minmay_statues_item, minivault_4
D:3:      layout_basic, minitemple, okawaru_metal_pillars_1_2,
          mainiacjoe_overflow_surrounded_room,
          nemelex_xobeh_ov_fountains_minmay, minivault_26,
          roderic_serpentine_path, uniq_robin

Skill      XL: |  1  2  3  4  5 |
---------------+----------------+-----
Fighting       | 4 |  4.8
Long Blades    | 4 5 |  5.6
Armour         | 3 |  3.6
Dodging        | 3 |  3.0
Stealth        | |  0.4

Action                   |  1- 3 |  4- 6 || total
-------------------------+-------+-------++-------
Melee: Falchion          |   109 |    37 ||   146
       Headbutt          |    25 |     5 ||    30
       Flail             |    19 |       ||    19
       Punch             |     2 |       ||     2
Invok: Renounce Religion |     1 |       ||     1
  Use: Potion            |     3 |     1 ||     4
       Scroll            |       |     2 ||     2
Armor: Leather armour    |    33 |     8 ||    41
Dodge: Dodged            |    53 |    26 ||    79
